 Dungeon Crawl Stone Soup version 0.32-a0-918-g0f22ef8d61 (webtiles) character file.

Game seed: 4973683697927972410

37275 OptimalSoap the Fencer (level 13, -10/114 HPs)
             Began as a Minotaur Fighter on Apr 10, 2024.
             Was a High Priest of Hepliaklqana.
             Mangled by a +1 dire flail of protection (26 damage)
             ... on level 2 of the Orcish Mines.
             The game lasted 01:07:42 (13179 turns).

OptimalSoap the Fencer (Minotaur Fighter)          Turns: 13179, Time: 01:07:43

Health: -10/114    AC: 13    Str: 24    XL:     13   Next: 57%
Magic:  12/12      EV: 22    Int:  5    God:    Hepliaklqana [*****.]
Gold:   270        SH:  6    Dex: 16    Spells: 12/12 levels left

rFire   . . .        L - +9 scimitar "Ideset" {flame, Fly Str+4 SInv Stlth+}
rCold   + . .        c - +0 buckler
rNeg    + . .        H - +2 ring mail of the Trout {Harm rC+ rN+ Will+}
rPois   +            (helmet restricted)
rElec   .            N - +2 cloak
rCorr   .            (no gloves)
SInv    +            w - +0 pair of boots
Will    +....        s - amulet of regeneration
Stlth   ++           F - +5 ring of evasion
HPRegen 1.19/turn    o - ring of poison resistance
MPRegen 0.13/turn

%: harm (+30% outgoing, +20% incoming)
@: flying, hasted, very quick
A: reduced essence, horns 2, retaliatory headbutt
a: Renounce Religion, Recall Ancestor, Ancestor Identity, Transference, Idealise


You were on level 2 of the Orcish Mines.
You worshipped Hepliaklqana.
Hepliaklqana was extremely pleased with you.
You visited 4 branches of the dungeon, and saw 17 of its levels.
You also visited: Sewer and Bailey.

You collected 1376 gold pieces.
You spent 1106 gold pieces at shops.

Inventory:

Hand Weapons
 L - the +9 scimitar "Ideset" (weapon) {flame, Fly Str+4 SInv Stlth+}
   (You bought it in a shop on level 2 of the Orcish Mines)

   Str+4:     It affects your strength (+4).
   SInv:      It lets you see invisible.
   Fly:       It grants you flight.
   Stlth+:    It makes you more stealthy.
Missiles
 i - 31 poisoned darts (quivered)
Armour
 c - a +0 buckler (worn)
 w - a +0 pair of boots (worn)
 H - the +2 ring mail of the Trout (worn) {Harm rC+ rN+ Will+}
   (You found it on level 9 of the Dungeon)

   rC+:       It protects you from cold.
   rN+:       It protects you from negative energy.
   Will+:     It increases your willpower.
   Harm:      It increases damage dealt and taken.
 N - a +2 cloak (worn)
Jewellery
 n - a ring of resist corrosion
 o - a ring of poison resistance (right hand)
 s - an amulet of regeneration (around neck)
 y - a ring of see invisible
 z - an amulet of reflection
 F - a +5 ring of evasion (left hand)
Wands
 r - a wand of flame (30)
 t - a wand of quicksilver (13)
 u - a wand of paralysis (26)
 M - a wand of warping (6)
Scrolls
 e - 2 scrolls of blinking
 g - 2 scrolls of identify
 h - 2 scrolls of enchant armour
 k - 3 scrolls of amnesia
 l - 4 scrolls of vulnerability
 m - 6 scrolls of teleportation
 p - a scroll of immolation
 q - a scroll of brand weapon
 B - a scroll of fear
 D - 2 scrolls of poison
 I - a scroll of fog
Potions
 a - 3 potions of enlightenment
 b - 4 potions of haste
 d - a potion of might
 f - 2 potions of brilliance
 j - a potion of cancellation
 v - 2 potions of lignification
 x - 4 potions of curing
 C - a potion of berserk rage
 G - 2 potions of ambrosia
 J - a potion of invisibility
Miscellaneous
 A - a box of beasts
 E - a Gell's gravitambourine (2/2)


   Skills:
 + Level 15.4 Fighting
 + Level 15.5 Long Blades
 + Level 8.1 Armour
 + Level 13.9 Dodging
 + Level 8.1 Shields


You had 12 spell levels left.
You didn't know any spells.
Your spell library contained the following spells:

 Spells                   Type           Power      Damage    Failure   Level
 Ensorcelled Hibernation  Hex/Ice        0%         N/A       80%         2
 Passwall                 Erth           0%         N/A       95%         3
 Swiftness                Air            0%         N/A       95%         3
 Brom's Barrelling Bould  Conj/Erth      0%         2d3       100%        4
 Leda's Liquefaction      Alch/Erth      0%         N/A       100%        4
 Petrify                  Alch/Erth      0%         N/A       100%        4
 Fireball                 Conj/Fire      0%         3d3       100%        5
 Iskenderun's Battlesphe  Conj           0%         2d6       100%        5
 Metabolic Englaciation   Hex/Ice        0%         N/A       100%        5
 Conjure Ball Lightning   Conj/Air       0%         3x3d6     100%        6
 Orb of Destruction       Conj           0%         9d5       100%        7


Dungeon Overview and Level Annotations

Branches:
Dungeon (13/15)            Temple (1/1) D:4            Lair (0/5) D:10
    Orc (2/2) D:11            Elf (1/3) Orc:2         Sewer (visited)
 Bailey (visited)
 Vaults: D:13-14

Altars:
Ashenzari
Cheibriados
Dithmenos
Elyvilon
Fedhas
Gozag
Hepliaklqana
Kikubaaqudgha
Makhleb
Nemelex Xobeh
Okawaru
Qazlal
Ru
Sif Muna
Trog
Uskayaw
Vehumet
Wu Jian
Xom
Yredelemnul
Zin
The Shining One

Shops:
D:5 :*   D:8 (   D:9 :   D:11 !   D:12 *   Orc:1 (   Orc:2 ([*((


Innate Abilities, Weirdness & Mutations

Your life essence is reduced to manifest your ancestor. (-10% HP)
You have a pair of horns on your head.
You reflexively headbutt those who attack you in melee.


Message History

Your headbutt misses the +1 dire flail of protection.
The +1 dire flail of protection hits you!
* * * LOW HITPOINT WARNING * * *
You swap places.
The +1 dire flail of protection barely misses Dajeqarr.
Dajeqarr closely misses the +1 dire flail of protection.
The +1 dire flail of protection hits Dajeqarr!
Dajeqarr hits the +1 dire flail of protection with a +0 quarterstaff!
The deep elf pyromancer points at you and mumbles some strange words.
The bolt of fire hits Dajeqarr!
Dajeqarr resists.
Dajeqarr is destroyed!
The bolt of fire misses you.
The deep elf pyromancer gestures at you while chanting.
The bolt of fire hits the +1 dire flail of protection.
The +1 dire flail of protection completely resists.
The bolt of fire hits you!
* * * LOW HITPOINT WARNING * * *
You block the +1 dire flail of protection's attack.
The +1 dire flail of protection hits you!!
* * * LOW HITPOINT WARNING * * *
There is a staircase back to the Mines here.
The +1 dire flail of protection closely misses you.
The +1 dire flail of protection misses you.
You furiously retaliate!
You headbutt the +1 dire flail of protection!
You fly upwards.
Welcome back to the Orcish Mines!
There is a staircase to the Elven Halls here.
The +1 dire flail of protection attacks as it pursues you!
The +1 dire flail of protection closely misses you.
You block the +1 dire flail of protection's attack.
The +1 dire flail of protection completely misses you.
You feel yourself speed up.
The +1 dire flail of protection completely misses you.
The +1 dire flail of protection attacks as it pursues you!
The +1 dire flail of protection completely misses you. x2
The +1 dire flail of protection attacks as it pursues you!
The +1 dire flail of protection hits you!!
You die...
Hepliaklqana delivers you to your ancestors.

P..[.#..>..<..).#....#..###.....[
...[)##....)...#รท..............[)
....))[.......#..................
....(.[..#........#..#...........
.....#....#........[.#...........
.##.###...........)[.)...........
####.#..............[............
#............(...[.............
#.............@................
##..................[...........
##...............................
#...............<.........#......
........#.................##....<
.........................)#......
#...#.#......#..........).))...<.
#................#..............)
#.....##..#.......#...........).)


You could see a +1 dire flail of protection.

Vanquished Creatures
  The ghost of Twiddyhohoho the Brawler, an adept TrFi of Wu Jian (Orc:2)
  4 ogre magi (Orc:2)
  A centaur warrior (D:13)
  Erica (D:10)
  A boulder beetle (D:12)
  12 two-headed ogres
  A dancing weapon (Orc:2)
  An orc sorcerer (Orc:2)
  3 orc knights
  A deep elf zephyrmancer (Elf:1)
  A cyclops (D:11)
  A kobold blastminer (Orc:2)
  An unseen horror (D:11)
  A kobold demonologist (D:12)
  An efreet (D:13)
  A komodo dragon (D:12)
  A tengu conjurer (D:10)
  Psyche (D:11)
  3 trolls
  4 slime creatures (D:12)
  19 yaks
  2 shadows
  A vampire (D:12)
  3 wraiths
  Grum (D:11)
  A basilisk (D:12)
  3 wargs
  4 vampire mosquitoes (D:11)
  A steam dragon (D:8)
  An acid dragon (D:12)
  14 orc warriors
  An ice beast (D:5)
  A black bear (D:5)
  26 ogres
  2 laughing skulls (D:8)
  2 wolves (D:11)
  A centaur (D:6)
  3 phantoms
  A kobold brigand (D:6)
  Blork the orc (D:6)
  2 bullfrogs
  A gnoll sergeant (D:11)
  3 scorpions
  7 killer bees (D:8)
  4 electric eels (D:7)
  5 howler monkeys
  A bombardier beetle (D:5)
  2 jellies
  4 hounds
  4 orc priests
  Crazy Yiuf (D:2)
  2 sleepcaps (D:6)
  10 orc wizards
  11 gnolls
  2 river rats (Sewer)
  11 adders
  A shadow imp (D:7)
  3 white imps
  2 ufetubi (D:5)
  2 dart slugs
  3 ribbon worms
  38 orcs
  11 ball pythons
  8 endoplasms
  8 giant cockroaches
  16 goblins
  12 hobgoblins
  5 jackals
  10 quokkas
  10 bats
  5 frilled lizards
  10 kobolds
  6 rats
349 creatures vanquished.

Vanquished Creatures (collateral kills)
  3 two-headed ogres
  A boulder beetle (D:12)
  A deep elf zephyrmancer (Elf:1)
  An obsidian bat (Orc:2)
  A cane toad (shapeshifter) (D:13)
  2 unseen horrors
  3 trolls
  2 hornets (D:9)
  3 wyverns
  3 yaks
  2 orc warriors
  5 ogres
  3 centaurs (D:10)
  A wolf (D:11)
  4 killer bees (D:8)
  4 electric eels
  A howler monkey (D:9)
  2 orc priests
  A gnoll bouda (D:7)
  9 orc wizards
  6 gnolls
  A river rat (Sewer)
  18 orcs
  A ball python (Sewer)
  A giant cockroach (Sewer)
  7 goblins
  3 hobgoblins (Bailey)
  2 quokkas (Sewer)
  4 bats (Sewer)
95 creatures vanquished.

Vanquished Creatures (others)
  An orc wizard (D:10)
  15 battlemagi
16 creatures vanquished.

Grand Total: 460 creatures vanquished

Notes
Turn   | Place    | Note
-------+----------+-------------------------------------------
     0 | D:1      | OptimalSoap the Minotaur Fighter began the quest for the
                  | Orb.
     0 | D:1      | Reached XP level 1. HP: 19/19 MP: 0/0
    91 | D:1      | Reached XP level 2. HP: 21/26 MP: 1/1
   442 | D:1      | Reached XP level 3. HP: 30/31 MP: 2/2
  1132 | D:2      | Reached skill level 5 in Long Blades
  1218 | D:2      | Reached XP level 4. HP: 38/39 MP: 3/3
  1372 | D:2      | Found a runed translucent door.
  1373 | D:2      | Noticed Crazy Yiuf
  1723 | D:2      | Killed Crazy Yiuf
  2154 | D:3      | Reached XP level 5. HP: 45/45 MP: 4/4
  3225 | D:4      | Found a staircase to the Ecumenical Temple.
  3232 | Temple   | Entered the Ecumenical Temple
  3264 | Temple   | Became a worshipper of Hepliaklqana the Forgotten
  3368 | D:4      | Noticed a phantom
  3382 | D:4      | Killed a phantom
  3383 | D:4      | Reached XP level 6. HP: 50/51 MP: 5/5
  3500 | D:5      | Entered Level 5 of the Dungeon
  3537 | D:5      | Found Peoteutt's CLEARANCE SALE!.
  3628 | D:5      | Bought an amulet of reflection for 60 gold pieces
  3628 | D:5      | Bought a scroll of identify for 4 gold pieces
  3673 | D:5      | Reached XP level 7. HP: 55/57 MP: 6/6
  3726 | D:5      | Reached skill level 10 in Long Blades
  4017 | D:5      | Found Fiplatzeuj's Self-Published Books.
  4128 | D:5      | Reached XP level 8. HP: 64/64 MP: 7/7
  4141 | D:5      | Reached * piety under Hepliaklqana
  4456 | D:6      | Identified the +2 long sword "Nousead" {antimagic, *Corrode
                  | rPois Stlth+}
  4505 | D:6      | Noticed Blork the orc
  4515 | D:6      | Killed Blork the orc
  4772 | D:6      | Found a glowing drain.
  4781 | Sewer    | Entered a sewer
  5764 | D:6      | Found a radiant altar of Vehumet.
  5939 | D:7      | Reached ** piety under Hepliaklqana
  5940 | D:7      | Remembered your ancestor Dajeqarr as a battlemage
  5967 | D:7      | Reached XP level 9. HP: 52/63 MP: 2/8
  5999 | D:7      | Reached skill level 1 in Dodging
  6310 | D:7      | Reached skill level 5 in Fighting
  6904 | D:8      | Found Limni's Weapon Shop.
  6975 | D:8      | Reached skill level 5 in Dodging
  7054 | D:8      | Found a flagged portal.
  7065 | Bailey   | Entered a bailey
  7122 | Bailey   | Reached XP level 10. HP: 58/79 MP: 3/9
  7202 | Bailey   | Acquired 903 gold pieces
  7223 | Bailey   | Found an iron altar of Okawaru.
  7223 | Bailey   | Noticed an orc sorcerer
  7223 | Bailey   | Noticed an orc sorcerer
  7334 | Bailey   | Noticed an orc knight
  7349 | Bailey   | Killed an orc knight
  7440 | Bailey   | Noticed a rust devil
  7688 | D:8      | Found the Hermit's Pendant {Faith Invo=14 Evo=0 MP+5}
  7850 | D:8      | Reached *** piety under Hepliaklqana
  8026 | D:9      | Noticed a two-headed ogre
  8026 | D:9      | Found Wabrexzu's Vocational Training.
  8031 | D:9      | Killed a two-headed ogre
  8032 | D:9      | Reached skill level 10 in Fighting
  8038 | D:9      | Identified the +2 ring mail of the Trout {Harm rC+ rN+
                  | Will+}
  8725 | D:9      | Found an opulent altar of Gozag.
  9077 | D:10     | Entered Level 10 of the Dungeon
  9077 | D:10     | Found a broken altar of Ashenzari.
  9079 | D:10     | Found a burning altar of Makhleb.
  9146 | D:10     | Reached XP level 11. HP: 80/91 MP: 3/10
  9225 | D:10     | Noticed Erica
  9232 | D:10     | Killed Erica
  9233 | D:10     | Reached skill level 10 in Dodging
  9327 | D:10     | Found a staircase to the Lair.
  9439 | D:10     | Noticed a two-headed ogre
  9452 | D:10     | Killed a two-headed ogre
  9502 | D:10     | Noticed a two-headed ogre
  9519 | D:10     | Killed a two-headed ogre
  9656 | D:10     | Reached **** piety under Hepliaklqana
  9801 | D:11     | Found Rassez's Distillery.
  9965 | D:11     | Found a staircase to the Orcish Mines.
 10026 | D:11     | Noticed Grum
 10026 | D:11     | Noticed Psyche
 10043 | D:11     | Killed Psyche
 10049 | D:11     | Killed Grum
 10073 | D:11     | Noticed a two-headed ogre
 10082 | D:11     | Killed a two-headed ogre
 10083 | D:11     | Reached XP level 12. HP: 104/104 MP: 11/11
 10210 | D:11     | Found a glowing silver altar of Zin.
 10606 | D:12     | Noticed a two-headed ogre
 10611 | D:12     | Killed a two-headed ogre
 10715 | D:12     | Noticed a boulder beetle
 10738 | D:12     | Noticed a two-headed ogre
 10771 | D:12     | Killed a two-headed ogre
 10809 | D:12     | Killed a boulder beetle
 10813 | D:12     | Noticed a boulder beetle
 10828 | D:12     | Killed a boulder beetle
 10829 | D:12     | Reached skill level 5 in Armour
 10829 | D:12     | Reached skill level 5 in Shields
 11089 | D:12     | Found Ziucw's Demolitions Depot.
 11525 | D:13     | Noticed a centaur warrior
 11542 | D:13     | Killed a centaur warrior
 11742 | D:13     | Noticed a vault guard
 11743 | D:13     | Noticed an entropy weaver
 11848 | Orc:1    | Entered Level 1 of the Orcish Mines
 11943 | Orc:1    | Found Zaylezyrr's Antique Weapon Shoppe.
 11993 | Orc:2    | Entered Level 2 of the Orcish Mines
 12016 | Orc:2    | Noticed a two-headed ogre
 12018 | Orc:2    | Found a staircase to the Elven Halls.
 12023 | Orc:2    | Killed a two-headed ogre
 12034 | Orc:2    | Found Ammer's Antique Weapon Emporium.
 12182 | Orc:2    | Found a runed translucent door.
 12212 | Orc:2    | Found a shimmering altar of Xom.
 12212 | Orc:2    | Noticed Twiddyhohoho's ghost (adept TrFi)
 12224 | Orc:2    | Noticed a two-headed ogre
 12225 | Orc:2    | Noticed a two-headed ogre
 12229 | Orc:2    | Killed a two-headed ogre
 12233 | Orc:2    | Killed a two-headed ogre
 12234 | Orc:2    | Reached XP level 13. HP: 84/112 MP: 12/12
 12335 | Orc:1    | Reached skill level 15 in Long Blades
 12383 | Orc:1    | Reached skill level 15 in Fighting
 12575 | Orc:2    | Found Boeggeh's Antique Armour Boutique.
 12641 | Orc:2    | Found Xelaab's General Store.
 12642 | Orc:2    | Found Zoqets's Weapon Emporium.
 12642 | Orc:2    | Found Gailor's Antique Weapon Shop.
 12651 | Orc:2    | Bought a polished scimitar for 360 gold pieces
 12651 | Orc:2    | Identified the +9 scimitar "Ideset" {flame, Fly Str+4 SInv
                  | Stlth+} (You bought it in a shop on level 2 of the Orcish
                  | Mines)
 12661 | Orc:2    | Bought a slimy leather armour for 217 gold pieces
 12661 | Orc:2    | Identified the +1 leather armour "Lede" {^Drain rElec
                  | rPois} (You bought it in a shop on level 2 of the Orcish
                  | Mines)
 12662 | Orc:2    | Bought a dyed leather armour for 155 gold pieces
 12662 | Orc:2    | Bought a bloodstained scarf for 310 gold pieces
 12662 | Orc:2    | Identified the scarf of the Sun {repulsion, +Blink rElec
                  | rN+ Str-5} (You bought it in a shop on level 2 of the
                  | Orcish Mines)
 12804 | Orc:2    | Reached ***** piety under Hepliaklqana
 13054 | Orc:2    | Killed Twiddyhohoho's ghost
 13152 | Elf:1    | Entered Level 1 of the Elven Halls
 13168 | Elf:1    | HP: 4/114 [+1 dire flail of protection (22)]
 13179 | Orc:2    | Mangled by a +1 dire flail of protection

Illustrated notes

Levels and vault maps discovered:
D:1:      amcnicky_arrival_flooded_fountain, layout_basic,
          minmay_misc_feat_alley, minmay_tetromino_s4
D:2:      layout_loops_ring, uniq_crazy_yiuf_cottage
D:3:      layout_basic
D:4:      layout_rooms, minmay_temple_entry_fiery, grunt_ministairs_14,
          minivault_24
D:5:      layout_loops_ring, st_stairs_6,
          nicolae_concentric_dashed_squares_mild, nicolae_custom_books,
          nicolae_shop_clearance
D:6:      layout_loops_ring, mainiacjoe_overflow_alcove_4, portal_sewer_entry_f,
          sigmund_army, uniq_blork_the_orc
D:7:      layout_basic, serial_bayou, serial_bayou_crossing,
          serial_bayou_pond_c, serial_bayou_lagoon_a, serial_bayou_lagoon_b
D:8:      layout_basic, enter_bailey_3, serial_shops, nicolae_shop_waterfront
D:9:      layout_basic, kennysheep_little_box, serial_curves, eino_curves_01,
          eino_curves_01, nicolae_shop_vocational
D:10:     layout_cave_pools, grunt_temple_overflow_open, lair_entry_dummy,
          grunt_potential, uniq_erica
D:11:     layout_cave_pools, orc_0_dummy, serial_shops, nicolae_take_the_stairs,
          zin_treasury, uniq_psyche, uniq_grum
D:12:     layout_loops_ring, nicolae_blasting_shop
D:13:     layout_roguey, hellmonk_vaults_order_and_chaos
Temple:   hc_temple_tempest_star
Orc:1:    layout_caves, serial_shops, nicolae_shop_tiny_real_fake_doors,
          basic_altar, uniq_snorg, uniq_fannar
Orc:2:    st_orc_ogre_mass, layout_caves, ebering_ghost_xom, serial_shops,
          nicolae_shop_overgrown_old_shop
Elf:1:    elf_arrival_001, layout_onion_city, serial_shops, nicolae_square_shop,
          guppyfry_elf_altar

Skill      XL: |  1  2  3  4  5  6  7  8  9 10 11 12 13 |
---------------+----------------------------------------+-----
Long Blades    | 3 4 5 6 8 9 11 14 15 | 15.5
Fighting       | 8 11 13 14 15 | 15.4
Dodging        | 6 9 12 13 | 13.9
Armour         | 6 8 |  8.1
Shields        | 6 8 |  8.1

Action                     |  1- 3 |  4- 6 |  7- 9 | 10-12 | 13-15 || total
---------------------------+-------+-------+-------+-------+-------++-------
  Melee: Long sword        |    80 |   123 |   334 |   134 |       ||   671
         Headbutt          |    14 |    23 |    60 |   103 |    24 ||   224
         Scimitar          |       |       |       |   292 |    88 ||   380
  Throw: Dart              |     1 |       |     1 |       |       ||     2
 Invoke: Ancestor Life: Ba |       |       |     1 |       |       ||     1
         Recall Ancestor   |       |       |       |     1 |       ||     1
    Use: Scroll            |       |     2 |     7 |    15 |     2 ||    26
         Potion            |       |       |       |       |     1 ||     1
   Stab: Sleeping          |       |     1 |     1 |     1 |       ||     3
         Distracted        |       |       |       |     7 |       ||     7
 Armour: Scale mail        |    41 |       |       |       |       ||    41
         Leather armour    |    17 |    61 |   160 |       |       ||   238
         Robe              |       |       |    44 |    46 |       ||    90
         Ring mail         |       |       |       |   137 |    42 ||   179
  Dodge: Dodged            |    41 |    46 |   143 |   274 |   107 ||   611
  Block: Buckler           |    16 |    33 |    68 |    88 |    21 ||   226

Table legend: (Time is in decaauts)
 A = Elapsed time spent in this place.
 B = Non-inter-level travel time spent in this place.
 C = Inter-level travel time spent in this place.
 D = Time resting spent in this place.
 E = Time spent auto-exploring this place.
 F = Levels seen in this place.
 G = Mean time per level.
                   A        B        C        D        E       F      G
               +--------+--------+--------+--------+--------+-----+--------+
         Total |  13220 |  12450 |    770 |    991 |   7909 |  19 |  695.8 |
       Dungeon |  10836 |  10101 |    735 |    673 |   6915 |  13 |  833.5 |
        Temple |     42 |     33 |      9 |      0 |      0 |   1 |   42.0 |
  Orcish Mines |   1276 |   1250 |     26 |    299 |    508 |   2 |  638.0 |
   Elven Halls |     16 |     16 |      0 |      0 |      0 |   1 |   16.0 |
         Sewer |    683 |    683 |      0 |      0 |    486 |   1 |  683.0 |
        Bailey |    364 |    364 |      0 |     19 |      0 |   1 |  364.0 |
               +--------+--------+--------+--------+--------+-----+--------+

Top non-repeatable levels by time:
     D:1: 1060 daAuts
     D:9: 1036 daAuts
     D:3: 994 daAuts
     D:6: 976 daAuts
    D:12: 936 daAuts
     D:7: 929 daAuts
     D:5: 908 daAuts
   Orc:2: 897 daAuts
     D:2: 763 daAuts
     D:8: 762 daAuts
     D:4: 688 daAuts
    D:11: 685 daAuts
   Sewer: 683 daAuts
    D:10: 645 daAuts
    D:13: 450 daAuts
